 Dungeon Crawl Stone Soup version 0.30-a0-859-gf88a04b62d (webtiles) character file.

Game seed: 6419704973801283208

10 qeuew the Trooper (level 2, 24/24 HPs)
             Began as a Demonspawn Chaos Knight on Mar 6, 2023.
             Was a Plaything of Xom.
             Quit the game on level 1 of the Dungeon.
             The game lasted 00:00:18 (177 turns).

qeuew the Trooper (Demonspawn Chaos Knight)          Turns: 177, Time: 00:00:18

Health: 24/24      AC:  5    Str: 12    XL:     2   Next: 10%
Magic:  2/2        EV: 11    Int: 13    God:    Xom [..*...]
Gold:   9          SH:  0    Dex: 12    Spells: 1/1 levels left

rFire   . . .      SeeInvis .    a - +0 mace (chaos)
rCold   . . .      Faith    .    (no shield)
rNeg    . . .      Spirit   .    b - +2 leather armour
rPois   .          Reflect  .    (no helmet)
rElec   .          Rampage  .    (no cloak)
rCorr   .                        (no gloves)
Will    .....                    (no boots)
Stlth   +                        (no amulet)
HPRegen 0.24/turn                (no ring)
MPRegen 0.08/turn                (no ring)

@: no status effects
A: demonic magic 1
a: Renounce Religion


You were on level 1 of the Dungeon.
You worshipped Xom.
You were a toy of Xom.
You visited 1 branch of the dungeon, and saw 1 of its levels.

You collected 9 gold pieces.

Inventory:

Hand Weapons
 a - a +0 mace of chaos (weapon)
Armour
 b - a +2 leather armour (worn)
Scrolls
 d - 2 scrolls of fog {unknown}
Potions
 e - a potion of ambrosia {unknown}
 f - a potion of curing {unknown}
Miscellaneous
 c - a piece from Xom's chessboard (15/15) (quivered)


   Skills:
 + Level 3.1 Fighting
 * Level 2.8 Maces & Flails
 * Level 2.1 Armour
 + Level 1.0 Dodging
 + Level 0.3 Evocations


You had one spell level left.
You didn't know any spells.
Your spell library was empty.

Dungeon Overview and Level Annotations

Branches:
Dungeon (1/15)

Altars:


Innate Abilities, Weirdness & Mutations

Spells you cast may paralyse adjacent enemies.


Message History

You hit the hobgoblin. You freeze the hobgoblin.
You kill the hobgoblin!
The bat hits you but does no damage. The rat bites you.
The rat barely misses you.
You hit the giant cockroach. You drain the giant cockroach.
You kill the giant cockroach!
The bat hits you but does no damage. The rat barely misses you.
You have reached level 2!
Your demonic ancestry asserts itself...
A menacing aura infuses your magic.
You hit the rat. You burn the rat.
You kill the rat!
The bat closely misses you. The bat misses you.
The bat hits you but does no damage.
You hit the bat but do no damage.
The bat is poisoned.
The bat closely misses you. The bat hits you but does no damage.
You kill the bat!
Things that are here:
a giant cockroach corpse; a hobgoblin corpse; a hobgoblin corpse No target in view!
No target in view!
No target in view!
No target in view!
No target in view!
No target in view!
No target in view!
No target in view!
No target in view!
No target in view!
No target in view!
HP restored.
You see here a bat corpse.
You enter the shallow water.
Moving in this stuff is going to be slow.
Things that are here:
a giant cockroach corpse; a hobgoblin corpse; a hobgoblin corpse
f - an emerald potion An endoplasm comes into view.
An endoplasm is nearby!
Are you sure you want to abandon this character and quit the game? (Confirm with "yes".)

## . #.
#.###
#J..# #@#
######.#
#......#
#.######
#.# #.#
#.#
########.#
#.....##.#


You could see an endoplasm (asleep).

Vanquished Creatures
  A ball python (D:1)
  2 giant cockroaches (D:1)
  2 hobgoblins (D:1)
  A bat (D:1)
  4 rats (D:1)
10 creatures vanquished.

Vanquished Creatures (others)
  A plant (D:1)
1 creature vanquished.

Grand Total: 11 creatures vanquished

Notes
Turn   | Place    | Note
-------+----------+-------------------------------------------
     0 | D:1      | qeuew the Demonspawn Chaos Knight began the quest for the
                  | Orb.
     0 | D:1      | Reached XP level 1. HP: 18/18 MP: 1/1
    83 | D:1      | Reached skill level 1 in Dodging
    93 | D:1      | Gained mutation: Spells you cast may paralyse adjacent
                  | enemies. [demonic ancestry]
    93 | D:1      | Reached XP level 2. HP: 17/24 MP: 2/2
   177 | D:1      | Quit the game

Illustrated notes

Levels and vault maps discovered:
D:1:      psy_arrival_spokes, layout_loops_cross, minmay_misc_feat_cross,
          serial_bayou_pond_b, amcnicky_mini_corridor_feature

Skill      XL: |  1 |
---------------+----+-----
Dodging        | 1 |  1.0
Armour         | 2 |  2.1
Fighting       | |  3.1
Maces & Flails | |  2.8
Evocations     | |  0.3

Action                     || total
---------------------------++-------
  Melee: Mace              ||    21
 Armour: Leather armour    ||    17
  Dodge: Dodged            ||    31

Table legend: (Time is in decaauts)
 A = Elapsed time spent in this place.
 B = Non-inter-level travel time spent in this place.
 C = Inter-level travel time spent in this place.
 D = Time resting spent in this place.
 E = Time spent auto-exploring this place.
 F = Levels seen in this place.
 G = Mean time per level.
                   A        B        C        D        E       F      G
               +--------+--------+--------+--------+--------+-----+--------+
         Total |    182 |    182 |      0 |      0 |    139 |   1 |  182.0 |
       Dungeon |    182 |    182 |      0 |      0 |    139 |   1 |  182.0 |
               +--------+--------+--------+--------+--------+-----+--------+

Top non-repeatable levels by time:
     D:1: 182 daAuts
